 Dungeon Sprint DCSS version 0.31-a0-18-gea43df2a32 (webtiles) character file.

Game seed: 7112129096926065509

9492 sircluck the Brawler (level 11, -4/119 HPs)
             Began as a Troll Berserker on May 12, 2023.
             Was a High Priest of Trog.
             Slain by a gnoll sergeant
             ... wielding a +0 trident
              (7 damage)
             ... in the Dungeon (Sprint VII: "The Pits").
             The game lasted 00:08:22 (1017 turns).

sircluck the Brawler (Troll Berserker)              Turns: 1017, Time: 00:08:23

Health: -4/119     AC:  4    Str: 31    XL:     11   Next: 23%
Magic:  10/10      EV: 13    Int:  3    God:    Trog [*****.]
Gold:   0          SH:  0    Dex:  9    Spells: 10/10 levels left

rFire   . .          .
                       - Unarmed
rCold   . . .        (no shield)
rNeg    . . .        a - +0 animal skin
rPois   .            (helmet restricted)
rElec   .            (no cloak)
rCorr   .            (gloves unavailable)
SInv    .            (boots unavailable)
Will    .....        (no amulet)
Stlth   ++           (no ring)
HPRegen 1.19/turn    (no ring)
MPRegen 0.12/turn

%: no teleportation
@: on berserk cooldown, slowed, very slow
A: large, unfitting armour, claws 3, regeneration 1, shaggy fur 1, tough skin 1
a: Renounce Religion, Berserk, Trog's Hand, Brothers in Arms


You were in the Dungeon.
You worshipped Trog.
Trog was extremely pleased with you.
You visited 1 branch

Inventory:

Missiles
 j - 10 stones (quivered)
 n - 4 javelins
Armour
 a - a +0 animal skin (worn)
Jewellery
 k - a +3 ring of evasion
 l - a +3 ring of dexterity
Potions
 b - 6 potions of curing
 c - 4 potions of heal wounds
 d - 2 potions of haste
 e - 4 potions of magic
 f - 3 potions of berserk rage
 h - 2 potions of invisibility
 m - 3 potions of might


   Skills:
 + Level 10.5 Fighting
 + Level 13.6 Dodging
 + Level 4.5 Stealth
 + Level 18.4 Unarmed Combat


You had 10 spell levels left.
You didn't know any spells.
Your spell library was empty.

Dungeon Overview and Level Annotations

Branches:
Dungeon (1/1)

Altars:
Cheibriados
Dithmenos
Elyvilon
Fedhas
Gozag
Hepliaklqana
Makhleb
Nemelex Xobeh
Okawaru
Qazlal
Ru
Sif Muna
Trog
Wu Jian
Xom
Yredelemnul
Zin
The Shining One
Jiyva

Annotations:
D Psyche


Innate Abilities, Weirdness & Mutations

You are too large for most types of armour.
You have claws for hands.
Your natural rate of healing is unusually fast.
You are covered in fur. (AC +1)
You have tough skin. (AC +1)


Message History

The gnoll sergeant hits you from afar with a +0 trident!
* * * LOW HITPOINT WARNING * * *
Something hits you.
* * * LOW HITPOINT WARNING * * *
You feel sick.
You hear some strange, mumbled words.
A swirling arc of seething chaos appears!
An arc of chaos appears from out of thin air!
The arc of chaos hits the gnoll sergeant but does no damage.
The gnoll sergeant is drained!
The arc of chaos hits the gnoll.
Blink to where?
Press: ? - help, Q - select action, (/) - cycle Dir - move target
As you read the scroll of blinking, it crumbles to dust.
You feel sick.
You feel sick.
There is an open door here.
You feel sick.
You are no longer poisoned.
Which direction?
You close the door.
Something hits you.
* * * LOW HITPOINT WARNING * * *
Space warps around you.
* * * LOW HITPOINT WARNING * * *
There is an open door here.
You hear some strange, mumbled words.
A swirling arc of seething chaos appears!
An arc of chaos appears from out of thin air!
The arc of chaos hits you!
Something tries to affect you, but you resist.
You close the door.
Something unseen opens the door.
You hear some strange, mumbled words.
A swirling arc of seething chaos appears!
An arc of chaos appears from out of thin air!
The arc of chaos hits the gnoll sergeant.
The gnoll sergeant is poisoned.
The arc of chaos hits you.
* * * LOW HITPOINT WARNING * * *
You close the door.
Something unseen breaks down the door.
The gnoll sergeant hits you from afar with a +0 trident!
You die...

......##..÷...#...+....###...#
......##....###...###...#...#
..<...##...##.+...')##.....####
......##..##..##[##†)##...##..##.
......##..#..##...##..+.).#......
......##..#..#.....#..#.).#gy..#.
########..'..+.....+..+)D)E))....
########..#÷.#.....#..#E†)#†...#.
.#.![[##..#..##.@.##..'){.#gg.E..
.#..[[##..##..##'##..##x..##..##.
.'..))##...##)'.{g+.##.§)..####
.#..))##....###...###...#...#
.#!.))##......#.).'....###...#
######################## ####


You could see a gnoll sergeant (poisoned, drained).

Vanquished Creatures
  A minotaur (D)
  A two-headed ogre (D)
  A deep troll (D)
  A lindwurm (D)
  A black mamba (D)
  A gargoyle (D)
  An orange demon (D)
  A kobold demonologist (D)
  3 efreet (D)
  A guardian mummy (D)
  A polar bear (D)
  A wraith (D)
  A large abomination (D)
  A fire elemental (D)
  Edmund (D)
  A floating eye (D)
  A scorpion (D)
  A killer bee (D)
  An iron imp (D)
  A jelly (D)
  A hound (D)
  An iguana (D)
  2 gnolls (D)
  2 adders (D)
  A river rat (D)
  2 ufetubi (D)
  2 endoplasms (D)
  A giant cockroach (D)
  A goblin (D)
  4 kobolds (D)
  A ball python (D)
  A quokka skeleton (D)
  A rat (D)
42 creatures vanquished.

Vanquished Creatures (collateral kills)
  A hydra (D)
  An anaconda (D)
  A boulder beetle (D)
  A lindwurm (D)
  A deep elf pyromancer (D)
  An unseen horror (D)
  A freezing wraith (D)
  A tyrant leech (D)
  A fire elemental (D)
  3 wights (D)
  7 killer bees (D)
  An iron imp (D)
  A gnoll (D)
  A river rat (D)
  A white imp (D)
23 creatures vanquished.

Vanquished Creatures (others)
  A gnoll (D)
  A river rat (D)
2 creatures vanquished.

Grand Total: 67 creatures vanquished

Notes
Turn   | Place    | Note
-------+----------+-------------------------------------------
     0 | D        | sircluck the Troll Berserker began the quest for the Orb.
     0 | D        | Reached XP level 1. HP: 22/22 MP: 0/0
    66 | D        | Found a bloodstained altar of Trog.
    66 | D        | Found a shimmering blue altar of Sif Muna.
    66 | D        | Found a viscous altar of Jiyva.
    66 | D        | Found a hazy altar of Hepliaklqana.
    66 | D        | Found an opulent altar of Gozag.
    67 | D        | Found a glowing golden altar of the Shining One.
    67 | D        | Found a glowing silver altar of Zin.
    67 | D        | Found a basalt altar of Yredelemnul.
    67 | D        | Found a shimmering altar of Xom.
    67 | D        | Found an ornate altar of the Wu Jian Council.
    67 | D        | Found a sacrificial altar of Ru.
    67 | D        | Found a stormy altar of Qazlal.
    67 | D        | Found an iron altar of Okawaru.
    67 | D        | Found a sparkling altar of Nemelex Xobeh.
    67 | D        | Found a burning altar of Makhleb.
    67 | D        | Found a blossoming altar of Fedhas.
    67 | D        | Found a white marble altar of Elyvilon.
    67 | D        | Found a shadowy altar of Dithmenos.
    67 | D        | Found a snail-covered altar of Cheibriados.
    74 | D        | Reached ** piety under Trog
    83 | D        | Noticed a scorpion
    99 | D        | Reached XP level 2. HP: 12/31 MP: 1/1
   100 | D        | Killed a scorpion
   101 | D        | Reached skill level 5 in Unarmed Combat
   101 | D        | Reached XP level 3. HP: 14/40 MP: 2/2
   231 | D        | Reached *** piety under Trog
   232 | D        | Reached XP level 4. HP: 45/49 MP: 3/3
   287 | D        | Noticed Edmund
   296 | D        | Killed Edmund
   297 | D        | Reached skill level 5 in Fighting
   297 | D        | Reached skill level 5 in Dodging
   297 | D        | Reached skill level 7 in Unarmed Combat
   297 | D        | Reached XP level 5. HP: 58/58 MP: 4/4
   306 | D        | Reached **** piety under Trog
   326 | D        | Reached ***** piety under Trog
   327 | D        | Reached skill level 8 in Unarmed Combat
   337 | D        | Noticed a two-headed ogre
   341 | D        | Killed a two-headed ogre
   342 | D        | Reached skill level 1 in Stealth
   342 | D        | Reached skill level 10 in Unarmed Combat
   342 | D        | Reached XP level 6. HP: 40/71 MP: 5/5
   342 | D        | Reached XP level 7. HP: 44/78 MP: 6/6
   372 | D        | Paralysed by a floating eye for 3 turns
   381 | D        | Paralysed by a floating eye for 3 turns
   386 | D        | Reached skill level 11 in Unarmed Combat
   389 | D        | Received a gift from Trog
   391 | D        | Reached XP level 8. HP: 88/88 MP: 7/7
   399 | D        | Noticed a freezing wraith
   399 | D        | Noticed an anaconda
   404 | D        | Killed a freezing wraith
   412 | D        | Killed an anaconda
   413 | D        | Reached skill level 10 in Dodging
   413 | D        | Reached skill level 12 in Unarmed Combat
   422 | D        | Found the +10 zealot's sword {holy, Zealotry, *Rage rN+
                  | EV+3}
   508 | D        | Noticed a deep troll
   519 | D        | Killed a deep troll
   520 | D        | Reached skill level 13 in Unarmed Combat
   520 | D        | Reached XP level 9. HP: 9/97 MP: 8/8
   589 | D        | Noticed a guardian mummy
   597 | D        | Killed a guardian mummy
   632 | D        | Noticed a tyrant leech
   658 | D        | Killed a tyrant leech
   659 | D        | Reached skill level 14 in Unarmed Combat
   693 | D        | Noticed a lindwurm
   701 | D        | Killed an unseen horror
   704 | D        | Killed a lindwurm
   719 | D        | Noticed a deep elf pyromancer
   722 | D        | Killed a deep elf pyromancer
   722 | D        | Received a gift from Trog
   723 | D        | Reached skill level 15 in Unarmed Combat
   723 | D        | Reached XP level 10. HP: 82/107 MP: 9/9
   781 | D        | Noticed a minotaur
   793 | D        | Killed a minotaur
   834 | D        | Noticed a black mamba
   836 | D        | Killed a black mamba
   837 | D        | Reached skill level 16 in Unarmed Combat
   847 | D        | Received a gift from Trog
   949 | D        | Noticed a gargoyle
   959 | D        | Reached skill level 10 in Fighting
   960 | D        | Killed a gargoyle
   961 | D        | Reached skill level 17 in Unarmed Combat
   964 | D        | Noticed a boulder beetle
   967 | D        | Received a gift from Trog
   971 | D        | Noticed an orange demon
   974 | D        | Noticed an eight-headed hydra
   974 | D        | Killed a boulder beetle
   975 | D        | Noticed a lindwurm
   976 | D        | Reached ****** piety under Trog
   980 | D        | Reached XP level 11. HP: 42/118 MP: 10/10
   982 | D        | Noticed Psyche
   988 | D        | Killed a ten-headed hydra
   988 | D        | Received a gift from Trog
   990 | D        | Killed a lindwurm
   991 | D        | Reached skill level 18 in Unarmed Combat
   997 | D        | HP: 8/178 [poisoned by a killer bee]
   997 | D        | HP: 3/178 [killer bee (5)]
   999 | D        | HP: 1/119 [poisoned by a killer bee]
  1002 | D        | Received a gift from Trog
  1008 | D        | HP: 3/119 [something (3)]
  1014 | D        | HP: 5/119 [something (4)]
  1014 | D        | HP: 1/119 [something (4)]
  1017 | D        | Slain by a gnoll sergeant

Illustrated notes

Levels and vault maps discovered:
D:        pitsprint [storerooms_1, entrance_room_1, metal_vault_6, armoury_3,
          mini_pit_1, grid_room_1, main_hall_1, silver_pit, the_coven_1,
          the_vestibule_1, steel_vault_2, golden_pit, hallway_of_sentries,
          crystal_vault_3, iron_vault_1, final_vault]

Skill      XL: |  1  2  3  4  5  6  7  8  9 10 11 |
---------------+----------------------------------+-----
Fighting       | 3 4 5 7 8 9 10 | 10.5
Dodging        | 3 4 5 8 10 11 13 | 13.6
Unarmed Combat | 5 7 10 11 13 15 17 18 | 18.4
Stealth        | 1 2 3 4 |  4.5

Action                     |  1- 3 |  4- 6 |  7- 9 | 10-12 || total
---------------------------+-------+-------+-------+-------++-------
  Melee: Unarmed           |    28 |    22 |    27 |    49 ||   126
         Punch             |     1 |     2 |     4 |     7 ||    14
 Invoke: Berserk           |       |     1 |     2 |     1 ||     4
         Brothers in Arms  |       |       |     3 |     2 ||     5
    Use: Potion            |       |       |       |     5 ||     5
         Scroll            |       |       |       |     2 ||     2
   Stab: Sleeping          |       |     1 |       |       ||     1
 Armour: Animal skin       |    12 |     3 |    10 |     8 ||    33
  Dodge: Dodged            |    22 |    10 |     8 |    36 ||    76

Table legend: (Time is in decaauts)
 A = Elapsed time spent in this place.
 B = Non-inter-level travel time spent in this place.
 C = Inter-level travel time spent in this place.
 D = Time resting spent in this place.
 E = Time spent auto-exploring this place.
 F = Levels seen in this place.
 G = Mean time per level.
                   A        B        C        D        E       F      G
               +--------+--------+--------+--------+--------+-----+--------+
         Total |   1029 |    970 |     59 |    294 |     59 |   1 | 1029.0 |
       Dungeon |   1029 |    970 |     59 |    294 |     59 |   1 | 1029.0 |
               +--------+--------+--------+--------+--------+-----+--------+

Top non-repeatable levels by time:
       D: 1029 daAuts
